 Dungeon Crawl Stone Soup version 0.31-a0-133-gaae73658be (webtiles) character file.

Game seed: 17615166879092316610

31162 senseless the Arsonist (level 12, 0/101 HPs)
             Began as a Demigod Fire Elementalist on June 2, 2023.
             Killed from afar by a hell hound (14 damage)
             ... with a blast of flame
             ... led by Azrael
             ... on level 12 of the Dungeon.
             The game lasted 01:01:32 (17748 turns).

senseless the Arsonist (Demigod Fire Elementalist) Turns: 17748, Time: 01:01:35

Health: 0/101      AC: 31    Str:  9    XL:     12   Next: 96%
Magic:  29/29      EV: 21    Int: 39    God:
Gold:   965        SH:  5    Dex: 14    Spells: 14/29 levels left

rFire   . . .        a - +7 staff of the Meek {protect, meekguard}
rCold   . . .        (shield currently unavailable)
rNeg    . . .        I - +0 steam dragon scales
rPois   .            (helmet restricted)
rElec   .            d - +2 cloak
rCorr   .            v - +2 pair of gloves
SInv    .            o - +2 pair of boots
Will    +....        k - amulet of reflection
Stlth   ++           O - +6 ring of intelligence
HPRegen 0.36/turn    w - +5 ring of evasion
MPRegen 0.21/turn

%: reflection, clarity
@: under a protective aura
A: high MP 1, forlorn, divine attributes, antennae 1, iridescent scales 1,
clarity, shaggy fur 1
a: no special abilities


You were on level 12 of the Dungeon.
You visited 1 branch of the dungeon, and saw 13 of its levels.
You also visited: Bailey.

You collected 1035 gold pieces.
You spent 70 gold pieces at shops.

Inventory:

Hand Weapons
 a - the +7 staff of the Meek (weapon) {protect, meekguard}
   (You found it on level 7 of the Dungeon)
 b - the +2 shortbow of the Battered Tales {elec, rN+ Int+5}
   (You found it on level 7 of the Dungeon)

   Int:       It affects your intelligence (+5).
   rN:        It protects you from negative energy.
 T - a +4 scimitar of flaming
Missiles
 y - 2 throwing nets
Armour
 d - a +2 cloak (worn)
 o - a +2 pair of boots (worn)
 v - a +2 pair of gloves (worn)
 C - a +2 robe of cold resistance
 I - +0 steam dragon scales (worn)
 S - a +2 leather armour of fire resistance
Jewellery
 c - a ring of protection from cold
 k - an amulet of reflection (around neck)
 w - a +5 ring of evasion (right hand)
 D - a +6 ring of strength
 N - an amulet of magic regeneration
 O - a +6 ring of intelligence (left hand)
Wands
 i - a wand of digging (9)
 j - a wand of iceblast (23)
 m - a wand of polymorph (10)
 q - a wand of flame (34)
 J - a wand of mindburst (21)
 Q - a wand of charming (7)
Scrolls
 f - a scroll of butterflies
 l - 4 scrolls of teleportation
 n - a scroll of vulnerability
 u - a scroll of amnesia
 x - 2 scrolls of identify
 z - 2 scrolls of silence
 B - 3 scrolls of magic mapping
 F - 3 scrolls of blinking
 H - 4 scrolls of enchant weapon
 L - 2 scrolls of fear
 P - a scroll of brand weapon
 R - a scroll of poison
Potions
 e - 2 potions of haste
 g - 3 potions of resistance
 h - 4 potions of curing
 p - 2 potions of enlightenment
 r - a potion of mutation
 s - a potion of invisibility
 t - 3 potions of attraction
 A - 2 potions of ambrosia
 E - 2 potions of lignification
 G - 2 potions of magic
 K - 2 potions of might
 M - a potion of cancellation


   Skills:
 - Level 7.8 Fighting
 + Level 2.1 Ranged Weapons
 + Level 9.7 Dodging
 - Level 1.7 Stealth
 + Level 9.0 Spellcasting
 + Level 9.5 Conjurations
 + Level 9.9 Fire Magic


You had 14 spell levels left.
You knew the following spells:

 Your Spells              Type           Power      Damage    Failure   Level
a - Foxfire               Conj/Fire      100%       2x1d9     1%          1
b - Scorch                Fire           100%       2d9       1%          2
c - Flame Wave            Conj/Fire      76%        2d17      1%          4
d - Ignition              Fire           38%        3d11      93%         8

Your spell library contained the following spells:

 Spells                   Type           Power      Damage    Failure   Level
 Necrotise                Necr           68%        1d7       1%          1
 Ignite Poison            Fire/Tmut/Pois 43%        N/A       1%          3
 Inner Flame              Hex/Fire       54%        N/A       1%          3
 Volatile Blastmotes      Fire/Tloc      100%       2d18      1%          3
 Sticky Flame             Conj/Fire      76%        2d9       1%          4
 Sublimation of Blood     Necr           17%        N/A       3%          2
 Wereblood                Tmut           17%        N/A       3%          2
 Vampiric Draining        Necr           17%        2d7       6%          3
 Agony                    Necr           17%        N/A       50%         5
 Summon Hydra             Summ           8%         N/A       100%        7


Dungeon Overview and Level Annotations

Branches:
Dungeon (13/15)            Temple (0/1) D:7            Lair (0/5) D:10
    Orc (0/2) D:11         Bailey (visited)
 Vaults: D:13-14

Shops:
D:3 *   D:7 =

Annotations:
D:12 2 runed translucent doors, Takeo's ghost, journeyman MfMo


Innate Abilities, Weirdness & Mutations

You have an increased reservoir of magic. (+10% MP)
You shall have no god before yourself.
Your divine heritage dramatically boosts your attributes as you level up.
You have a pair of small antennae on your head.
You are partially covered in iridescent scales. (AC +2)
You possess an exceptional clarity of mind.
You are covered in fur. (AC +1)


Message History

The hell hound completely resists.
The blast of flame hits you! You block the hell hound's attack.
The hell hound attacks as you move away!
You block the hell hound's attack.
The fire elemental completely misses you.
The hell hound breathes flames at you.
The blast of flame hits the fire elemental.
The fire elemental completely resists.
The blast of flame hits the hell hound.
The hell hound completely resists.
The blast of flame hits you! The hell hound breathes flames at you.
The blast of flame misses you. The hell hound breathes flames at you.
The blast of flame hits the fire elemental.
The fire elemental completely resists.
The blast of flame hits you!!
* * * LOW HITPOINT WARNING * * *
The hell hound attacks as you move away!
The hell hound completely misses you. The hell hound barely misses you.
The fire elemental hits you. The fire elemental burns you!
* * * LOW HITPOINT WARNING * * *
There is a stone staircase leading up here.
The hell hound bites you.
* * * LOW HITPOINT WARNING * * *
The fire elemental completely misses you.
You climb upwards.
Level annotation: 2 runed translucent doors, Takeo's ghost, journeyman MfMo
There is a stone staircase leading down here.
You feel better.
The hell hound bites you but does no damage.
The fire elemental barely misses you. You block the hell hound's attack.
The +2 shortbow of the Battered Tales {elec, rN+ Int+5} stops crackling.
The +7 staff of the Meek {protect, meekguard} hums with potential!
a - the +7 staff of the Meek (weapon)
{protect, meekguard} The fire elemental closely misses you.
You block the hell hound's attack.
You hit the fire elemental.
Your weapon exudes an aura of protection.
The fire elemental is moderately damaged.
The fire elemental closely misses you. The hell hound breathes flames at you.
The blast of flame hits you!
You die...

###.####.## #.##
#####[.##...## ##.#
#....#####.## #..
####.# #.# #.. #.#
#.## ##. #.## #..#
##.. #..#####.##
##...
#..##.....######....
#..@...##..........#
#.hE..####.........#
##...### #.........#
##...## #.........#
#...## #..........
##..# #..........
#.## ##..##......
##.# #..#####...#
#.## ##..# ##..#


You could see a fire elemental and a hell hound (catching breath).

Vanquished Creatures
  Erica (D:9)
  2 two-headed ogres
  2 boulder beetles
  A skeletal warrior (D:9)
  A deep elf pyromancer (D:12)
  2 manticores
  An ugly thing (D:8)
  2 cyclopes (D:11)
  A komodo dragon (D:11)
  An efreet (D:12)
  6 trolls
  3 hornets
  A polar bear (D:10)
  Prince Ribbit (D:7)
  4 shadows
  2 wyverns
  Eustachio (D:3)
  17 yaks
  5 wraiths
  Grum (D:8)
  3 basilisks (D:10)
  2 steam dragons (D:8)
  13 vampire mosquitoes
  An acid dragon (D:10)
  A swamp worm (shapeshifter) (D:13)
  3 water moccasins (D:10)
  2 ice beasts (D:8)
  2 sky beasts
  8 orc warriors
  2 black bears
  2 ogres
  5 wolves
  7 centaurs
  A phantom (D:6)
  2 kobold brigands
  5 bullfrogs
  A gnoll sergeant (D:8)
  5 scorpions
  5 wights
  A troll zombie (D:11)
  3 killer bees (D:9)
  10 howler monkeys
  7 electric eels
  7 hounds
  7 orc priests
  2 sleepcaps
  Jessica (D:3)
  2 iguanas
  Ijyb (D:4)
  11 orc wizards
  5 ogre zombies (D:11)
  2 centaur simulacra (D:10)
  7 gnolls
  9 adders
  2 shadow imps (D:8)
  4 white imps
  3 ufetubi
  A worm (D:2)
  3 dart slugs
  37 orcs
  7 ball pythons
  6 bats
  7 endoplasms
  5 giant cockroaches
  10 goblins
  8 hobgoblins
  4 jackals (D:4)
  5 quokkas
  5 frilled lizards
  2 goblin zombies (D:11)
  A hobgoblin skeleton (D:11)
  3 hobgoblin zombies (D:11)
  37 kobolds
  4 orc skeletons (D:11)
  9 orc zombies (D:11)
  6 rats
369 creatures vanquished.

Vanquished Creatures (others)
  A sky beast (D:8)
  An orc (D:6)
  543 foxfires
545 creatures vanquished.

Grand Total: 914 creatures vanquished

Notes
Turn   | Place    | Note
-------+----------+-------------------------------------------
     0 | D:1      | senseless the Demigod Fire Elementalist began the quest for
                  | the Orb.
     0 | D:1      | Reached XP level 1. HP: 14/14 MP: 5/5
    57 | D:1      | Reached skill level 1 in Conjurations
   343 | D:1      | Reached XP level 2. HP: 20/20 MP: 1/7
  1275 | D:1      | Learned a level 2 spell: Scorch
  1326 | D:2      | Reached XP level 3. HP: 26/26 MP: 3/8
  2074 | D:2      | Reached XP level 4. HP: 33/33 MP: 2/10
  2347 | D:2      | Gained mutation: You do not regenerate when monsters are
                  | visible. [potion of mutation]
  2347 | D:2      | Gained mutation: Your spells are a little easier to cast,
                  | but a little less powerful. [potion of mutation]
  2348 | D:2      | Lost mutation: You do not regenerate when monsters are
                  | visible. [potion of mutation]
  2348 | D:2      | Lost mutation: Your spells are a little easier to cast, but
                  | a little less powerful. [potion of mutation]
  2348 | D:2      | Gained mutation: You have a pair of small antennae on your
                  | head. [potion of mutation]
  2348 | D:2      | Gained mutation: You are covered in fur. (AC +1) [potion of
                  | mutation]
  2348 | D:2      | Gained mutation: You are partially covered in iridescent
                  | scales. (AC +2) [potion of mutation]
  2348 | D:2      | Gained mutation: You possess an exceptional clarity of
                  | mind. [potion of mutation]
  2804 | D:3      | Noticed Jessica
  2810 | D:3      | Killed Jessica
  2811 | D:3      | Reached XP level 5. HP: 38/38 MP: 7/12
  3309 | D:3      | Found Zariapp's General Store.
  3313 | D:3      | Bought a scroll of teleportation for 42 gold pieces
  3313 | D:3      | Bought a scroll of identify for 28 gold pieces
  3441 | D:3      | Learned a level 4 spell: Flame Wave
  3444 | D:4      | Noticed Eustachio
  3553 | D:3      | Killed Eustachio
  3554 | D:3      | Reached XP level 6. HP: 36/45 MP: 6/13
  3681 | D:4      | Noticed Ijyb
  3685 | D:4      | Killed Ijyb
  4940 | D:5      | Entered Level 5 of the Dungeon
  5511 | D:5      | Reached XP level 7. HP: 50/50 MP: 3/15
  6346 | D:6      | Reached skill level 5 in Fire Magic
  6722 | D:6      | Reached XP level 8. HP: 57/57 MP: 12/18
  6861 | D:6      | Reached skill level 5 in Dodging
  7260 | D:7      | Found a staircase to the Ecumenical Temple.
  7280 | D:7      | Reached skill level 5 in Conjurations
  7515 | D:7      | Reached skill level 5 in Spellcasting
  7582 | D:7      | Noticed Prince Ribbit
  7587 | D:7      | Killed Prince Ribbit
  7828 | D:7      | Found the +7 staff of the Meek {protect, meekguard}
  7891 | D:7      | Reached XP level 9. HP: 62/62 MP: 1/20
  8129 | D:7      | Found Fiotimnu's Jewellery Boutique.
  8177 | D:7      | Found a transporter.
  8192 | D:7      | Identified the +2 shortbow of the Battered Tales {elec, rN+
                  | Int+5}
  8645 | D:8      | Noticed Grum
  8650 | D:8      | Killed Grum
  8945 | D:8      | Paralysed by a hornet for 1 turns
  8955 | D:8      | Paralysed by a hornet for 2 turns
  9197 | D:8      | Noticed a white ugly thing
  9528 | D:8      | Reached XP level 10. HP: 69/69 MP: 16/23
  9575 | D:8      | Killed a white ugly thing
  9654 | D:8      | Noticed a manticore
  9661 | D:8      | Killed a manticore
  9940 | D:9      | Noticed a two-headed ogre
  9944 | D:9      | Killed a two-headed ogre
  9996 | D:9      | Noticed Erica
 10011 | D:9      | Killed Erica
 10679 | D:9      | Noticed a skeletal warrior
 11028 | D:9      | Killed a skeletal warrior
 11577 | D:10     | Entered Level 10 of the Dungeon
 11717 | D:10     | Found a flagged portal.
 11728 | D:10     | Reached XP level 11. HP: 61/74 MP: 12/26
 11766 | Bailey   | Entered a bailey
 11989 | Bailey   | Noticed an orc warlord
 12155 | Bailey   | Found a runed translucent gate.
 12155 | Bailey   | Found a runed translucent gate.
 12155 | Bailey   | Found a runed translucent gate.
 12277 | Bailey   | HP: 2/74 [orc warlord/+3 battleaxe (30)]
 12525 | Bailey   | Reached XP level 12. HP: 101/101 MP: 28/28
 12929 | D:10     | Found a staircase to the Lair.
 14561 | D:11     | Found a staircase to the Orcish Mines.
 15050 | D:12     | Noticed a boulder beetle
 15072 | D:11     | Killed a boulder beetle
 15380 | D:12     | Reached skill level 1 in Ranged Weapons
 15463 | D:12     | Found a large runed translucent door.
 15463 | D:12     | Found a large runed translucent door.
 15469 | D:12     | Noticed Takeo's ghost (journeyman MfMo)
 15810 | D:12     | Noticed a boulder beetle
 15839 | D:12     | Killed a boulder beetle
 17571 | D:13     | Learned a level 8 spell: Ignition
 17744 | D:13     | HP: 4/101 [hell hound[Azrael] (6)]
 17748 | D:12     | Killed from afar by a hell hound

Illustrated notes

Levels and vault maps discovered:
D:1:      lemuel_arrival_rhombus, layout_loops_ring
D:2:      layout_loops_cross, minmay_domino_4
D:3:      layout_loops_ring, tgw_xom, serial_shops,
          nicolae_shop_back_alley_shop, palyth_stone_intersect, uniq_jessica
D:4:      layout_layer_cave, grunt_decor_one_mirror, uniq_ijyb, uniq_eustachio
D:5:      kennysheep_spiral_hall, layout_rooms
D:6:      layout_loops_ring, grunt_dithmenos_smoke_and_mirrors
D:7:      layout_cave_pools, mainiacjoe_overflow_24_doors, lemuel_doored_altar,
          grunt_nemelex_the_gamble, minmay_temple_entry_arrows, serial_shops,
          shop, pf_guarded_unrand_meek, uniq_prince_ribbit1
D:8:      wad_guarded_room, layout_rooms, mainiacjoe_overflow_surrounded_room,
          nicolae_wu_jian_immortal_techniques, uniq_grum
D:9:      cheibrodos_two_vegetables, layout_cave_pods,
          mainiacjoe_overflow_alcove_2,
          mainiacjoe_overflow_concentric_impassable, uniq_erica
D:10:     layout_loops_corners, minmay_lair_entry_grove, enter_bailey_5,
          serial_ice, serial_ice_j, serial_ice_a, serial_ice_c, serial_ice_o
D:11:     layout_roguey, zombieorc1_lemuel
D:12:     layout_layer_cave, ebering_ghost_disaster_area
D:13:     layout_long_grid, solitary_fountain, uniq_azrael

Skill      XL: |  1  2  3  4  5  6  7  8  9 10 11 12 |
---------------+-------------------------------------+-----
Conjurations   | 1 2 3 4 5 6 8 9 |  9.5
Dodging        | 2 3 4 5 7 8 9 |  9.7
Spellcasting   | 2 3 4 5 6 7 9 |  9.0
Fire Magic     | 3 4 5 6 7 8 9 |  9.9
Fighting       | 7 |  7.8
Ranged Weapons | 2 |  2.1
Stealth        | |  1.7

Action                     |  1- 3 |  4- 6 |  7- 9 | 10-12 || total
---------------------------+-------+-------+-------+-------++-------
  Melee: Unarmed           |     6 |       |       |       ||     6
         Short sword       |    17 |     5 |       |       ||    22
         Club              |       |    44 |    22 |       ||    66
         Quarterstaff      |       |       |    55 |    41 ||    96
   Fire: Shortbow          |       |       |     1 |   135 ||   136
   Cast: Foxfire           |    67 |    49 |    72 |   139 ||   327
         Scorch            |    17 |    65 |   119 |   251 ||   452
         Flame Wave        |       |       |     4 |     9 ||    13
    Use: Scroll            |       |    11 |    11 |    13 ||    35
         Potion            |       |     2 |     2 |     7 ||    11
   Stab: Sleeping          |     1 |       |       |       ||     1
 Armour: Robe              |     3 |    16 |    11 |       ||    30
         Steam dragon scal |       |       |    36 |    55 ||    91
  Dodge: Dodged            |    28 |    52 |   119 |   190 ||   389
  Block: Other             |       |    18 |    44 |    47 ||   109
         Reflection        |       |     2 |     7 |     4 ||    13

Table legend: (Time is in decaauts)
 A = Elapsed time spent in this place.
 B = Non-inter-level travel time spent in this place.
 C = Inter-level travel time spent in this place.
 D = Time resting spent in this place.
 E = Time spent auto-exploring this place.
 F = Levels seen in this place.
 G = Mean time per level.
                   A        B        C        D        E       F      G
               +--------+--------+--------+--------+--------+-----+--------+
         Total |  17918 |  17456 |    462 |   1174 |  13774 |  14 | 1279.9 |
       Dungeon |  17129 |  16667 |    462 |    796 |  13499 |  13 | 1317.6 |
        Bailey |    789 |    789 |      0 |    378 |    274 |   1 |  789.0 |
               +--------+--------+--------+--------+--------+-----+--------+

Top non-repeatable levels by time:
    D:12: 1908 daAuts
    D:10: 1749 daAuts
     D:9: 1673 daAuts
     D:4: 1478 daAuts
     D:7: 1383 daAuts
     D:1: 1302 daAuts
     D:3: 1258 daAuts
     D:8: 1223 daAuts
     D:6: 1166 daAuts
    D:11: 1150 daAuts
     D:5: 1126 daAuts
     D:2: 1046 daAuts
  Bailey: 789 daAuts
    D:13: 661 daAuts
